 Dungeon Crawl Stone Soup version 0.17.2-1-ge4368a0 (webtiles) character file.

269522 Goblin1989 the Brawler (level 19, -15/155 HPs)
             Began as a Demonspawn Artificer on Jan 13, 2017.
             Was an Initiate of Gozag.
             Killed from afar by a deep elf annihilator (43 damage)
             ... with a bolt of lightning
             ... on level 3 of the Elven Halls on Jan 14, 2017.
             The game lasted 04:51:15 (63497 turns).

Goblin1989 the Brawler (Demonspawn Artificer)      Turns: 63497, Time: 04:51:15

Health: -15/155    AC: 18    Str: 19    XL:     19   Next: 78%
Magic:  23/23      EV: 12    Int: 13    God:    Gozag
Gold:   1964       SH: 15    Dex: 15    Spells: 3 memorised, 10 levels left

rFire  + . .     SeeInvis .       - Unarmed
rCold  . . .     Clarity  .     v - +0 plate armour "Wariw" {rN+ MR+}
rNeg   + + .     SustAt   .     W - +2 shield
rPois  +         Gourm    .     t - +1 hat
rElec  .         Spirit   .     x - +1 ratskin cloak {rPois rN+ Int-1 Dex-1}
rCorr  .         Warding  .     (gloves unavailable)
rMut   +         Stasis   .     U - +2 pair of boots {run}
MR     +++..                    j - amulet of resist mutation
Stlth  ..........               f - ring of protection from fire
                                m - ring of protection from magic {=R}

@: corroded equipment, very slightly contaminated, studying Dodging, quick,
extremely resistant to hostile enchantments, extremely unstealthy
A: antennae 1, claws 3, hooves 1, molten scales 2, demonic guardian 2, high mp
1, powered by pain 3, strong 1
a: Potion Petition, Call Merchant, Bribe Branch, Renounce Religion
}: 1/15 runes: gossamer


You were on level 3 of the Elven Halls.
You worshipped Gozag.
Gozag was noncommittal.
You were not hungry.

You visited 7 branches of the dungeon, and saw 39 of its levels.
You also visited: Sewer.

You collected 18885 gold pieces.
You spent 10307 gold pieces at shops.
You paid 6614 gold pieces to Gozag.

Inventory:

Hand Weapons
 b - the +9 rapier "Duwenwywn" {elec, MR- Str+2 Int+3 Dex+7}
   (You found it on level 15 of the Dungeon)

   Occasionally, upon striking a foe, it will discharge some electrical energy
   and cause terrible harm.
   It affects your strength (+2).
   It affects your intelligence (+3).
   It affects your dexterity (+7).
   It affects your resistance to hostile enchantments.
Missiles
 Z - 8 throwing nets {=f, !d}
Armour
 t - a +1 hat (worn)
 v - the +0 plate armour "Wariw" (worn) {rN+ MR+}
   (You bought it in a shop on level 2 of the Spider Nest)

   It protects you from negative energy.
   It affects your resistance to hostile enchantments.
 x - the +1 ratskin cloak (worn) {rPois rN+ Int-1 Dex-1}
   (You bought it in a shop on level 12 of the Dungeon)

   It affects your intelligence (-1).
   It affects your dexterity (-1).
   It protects you from poison.
   It protects you from negative energy.
 U - a +2 pair of boots of running (worn)
 W - a +2 shield (worn)
Jewellery
 c - a ring of protection from cold
 f - a ring of protection from fire (right claw)
 j - an amulet of resist mutation (around neck)
 m - a ring of protection from magic (left claw) {=R}
 s - a ring of see invisible
 D - a ring of protection from cold
Wands
 E - a wand of hasting (4) {!v, @v3}
 P - a wand of teleportation (1) {!v, @v4}
 Q - a wand of disintegration (2)
Scrolls
 h - 12 scrolls of remove curse {@r2}
 l - a scroll of summoning
 n - 5 scrolls of fog
 o - 6 scrolls of fear
 r - 5 scrolls of recharging
 w - 2 scrolls of silence {!r}
 B - 3 scrolls of blinking
 K - 6 scrolls of noise {!r}
 M - 7 scrolls of magic mapping
 N - 3 scrolls of enchant armour
 O - 4 scrolls of enchant weapon
 R - 11 scrolls of identify {@r1}
 S - a scroll of immolation {!r}
 T - 10 scrolls of teleportation {!r, @r4}
Potions
 a - 2 potions of cure mutation {!q}
 d - 3 potions of haste {!q, @q3}
 e - 3 potions of ambrosia {!q}
 g - 3 potions of resistance
 p - 9 potions of curing {@q1}
 q - 7 potions of flight
 y - 5 potions of might
 A - 5 potions of agility
 G - 2 potions of heal wounds {!q, @q2}
 J - 2 potions of cancellation
Books
 V - a manual of Dodging
Miscellaneous
 k - a legendary deck of changes {Wild Magic}
 z - a box of beasts
 H - a legendary deck of defence {the Tomb}
 L - 2 phantom mirrors
 X - a legendary deck of defence {the Alchemist}
 Y - a fan of gales
Comestibles
 i - 17 meat rations {@e2}
 I - 2 bread rations {@e1}


   Skills:
 + Level 15.4 Fighting
 - Level 0.8 Short Blades
 + Level 14.0 Armour
 + Level 14.3 Dodging
 - Level 0.8 Stealth
 + Level 14.2 Shields
 * Level 19.4 Unarmed Combat
 - Level 3.0 Evocations


You had 10 spell levels left.
You knew the following spells:

 Your Spells              Type           Power        Failure   Level  Hunger
p - Phase Shift           Tloc           #.........   100%        5    ######.
B - Summon Butterflies    Summ           #.......     100%        1    ##.....
Z - Sublimation of Blood  Necr           #.........   100%        2    ###....


Dungeon Overview and Level Annotations

Branches:
Dungeon (15/15)            Temple (1/1) D:7            Lair (8/8) D:8
 Shoals (0/4) Lair:4       Spider (4/4) Lair:6        Slime (0/6) Lair:8
    Orc (4/4) D:9             Elf (3/3) Orc:4        Vaults (4/5) D:14
  Crypt (0/3) Vaults:2     Depths (0/5) D:15

Altars:
Ashenzari
Dithmenos
Elyvilon
Fedhas
Gozag
Kikubaaqudgha
Makhleb
Okawaru
Qazlal
Ru
Sif Muna
Trog
Vehumet
Yredelemnul
Zin
The Shining One
Beogh
Jiyva

Shops:
D:4 *   D:5 [(*[   D:12 [   D:14 !   Orc:2 *   Orc:4 :=[=   Elf:2 !=
Lair:6 *?   Spider:2 [   Vaults:2 }   Vaults:3 =

Annotations:
Elf:2 3 runed doors


Innate Abilities, Weirdness & Mutations

You have claws for hands.
You are mostly covered in molten scales (AC +3, EV -1).
A demonic guardian rushes to your aid.
You are powered by pain.
You have a pair of small antennae on your head.
You have large cloven feet.
You have an increased reservoir of magic (+10% MP).
Your muscles are strong. (Str +2)


Message History

Unknown command.
Unknown command.
Unknown command.
Welcome back, Goblin1989 the Demonspawn Artificer.
Gozag says: Greed is good.
Press ? for a list of commands and other information.
Unknown command.
You hear a grinding noise.
Unknown command.
Unknown command.
The shadow demon closely misses your sun demon.
Your sun demon hits the cacodemon!
The cacodemon is engulfed in flames!!
Something hits your sun demon! Something corrodes your sun demon!
The cacodemon gestures at the rock wall.
You hear a grinding noise.
A deep elf blademaster comes into view. It is wielding two rapiers.
The deep elf annihilator casts a spell at you.
The bolt of lightning hits you!
You die...
Your body crumbles into a pile of gold. █..█ ▓▓.§.▓▓ ▓██.██ █..█ ▓█e█▓ ██.██ █..███{█ ████████.██ █..)█3█ ██.......██ ▓▓▓█($e.█████.████████ █.▓██e$.██.██.█ █.████ █.▓ .2e2██.██.██ █....█ █.▓███.e.......█ ████.█ ████

█.▓ ██.█.█.██@█ █)█ █...
█.▓██...█.$██.█ █.█ █.██
█.██....1...█.█ ██.███.█
█.█......e█...█ ██...██.█
█......$....e.█ █.....█.██
███...........█ █...!.....
██........██.█ █.......██
██..........█ ██...█..██
██.......[.████████.██..█.


You could see a deep elf blademaster, a deep elf annihilator, a shadow demon and
a deep elf demonologist.

Vanquished Creatures
  The ghost of Iwannabefree the Warrior, a veteran HuGl of Yredelemnul (Vaults:1)
  A deep elf blademaster (Elf:3)
  A deep elf master archer (Elf:3)
  A sphinx (Vaults:3)
  The ghost of Goblin1989 the Severer, an adept HOWn of Gozag (Orc:4)
  Roxanne (Elf:2)
  Wiglaf (Elf:3)
  Donald (Vaults:1)
  A fire giant (Vaults:2)
  8 deep elf sorcerers
  6 ghost moths
  6 vault wardens
  A curse skull (Vaults:2)
  5 emperor scorpions
  12 ironheart preservers
  4 very ugly things
  7 stone giants
  The ghost of Goblin1989 the Spear-Bearer, a journeyman MfFi of Fedhas (Orc:4)
  4 deep elf annihilators (Elf:3)
  4 deep elf demonologists
  A salamander stormcaller (Vaults:2)
  Azrael (Elf:2)
  A jiangshi (Vaults:2)
  4 deep elf death magi
  2 ettins (Vaults:2)
  4 fire dragons
  2 deep elf high priests (Elf:3)
  3 vault guards
  8 yaktaur captains
  2 entropy weavers (Spider:1)
  3 ice dragons
  Harold (Lair:2)
  5 hydras
  A death knight (Vaults:2)
  An entropy weaver (shapeshifter) (Vaults:3)
  7 centaur warriors
  3 ogre magi
  3 tengu warriors
  A queen ant (Lair:4)
  A deep troll shaman (Vaults:4)
  A spriggan (Lair:6)
  7 slime creatures
  2 fire crabs
  2 shadow wraiths
  22 deep elf knights
  A deep troll (Vaults:4)
  7 ironbrand convokers
  2 flayed ghosts (Vaults:4)
  An unseen horror (shapeshifter) (Vaults:1)
  5 unseen horrors
  A giant orange brain (Vaults:3)
  2 wizards
  11 deep elf summoners
  A lindwurm (Lair:8)
  4 ugly things
  9 hill giants
  17 wolf spiders
  2 manticores
  6 orb spiders
  15 orc knights
  A lindwurm (shapeshifter) (Vaults:4)
  15 deep elf conjurers
  5 cyclopes
  An orc sorcerer (D:14)
  8 griffons
  A cyclops (shapeshifter) (Vaults:2)
  11 hornets
  2 moths of wrath
  11 vault sentinels
  12 elephants
  A siren (Lair:4)
  A spiny frog (shapeshifter) (Vaults:3)
  5 torpor snails
  A guardian serpent (Lair:8)
  2 gargoyles (D:14)
  18 spiny frogs
  8 komodo dragons
  7 demonic crawlers
  A yaktaur (shapeshifter) (Vaults:1)
  8 black mambas
  A redback zombie (D:14)
  9 kobold demonologists
  27 yaktaurs
  A fire drake (Lair:7)
  12 deep elf priests
  2 queen bees
  3 merfolk (Lair:4)
  A wind drake (shapeshifter) (Vaults:3)
  A queen bee (shapeshifter) (Vaults:3)
  6 trolls
  9 jumping spiders
  A polar bear (shapeshifter) (Vaults:4)
  A tengu conjurer (D:13)
  21 blink frogs
  2 giant leeches (Lair:8)
  7 two-headed ogres
  A blink frog (shapeshifter) (Vaults:2)
  4 freezing wraiths
  6 boulder beetles
  2 shadows
  18 redbacks
  12 trapdoor spiders
  2 wyverns
  20 tarantellas
  3 hungry ghosts
  A spriggan (shapeshifter) (Vaults:4)
  28 deep elf magi
  A tarantella (shapeshifter) (Vaults:3)
  A fire bat (shapeshifter) (Vaults:1)
  A basilisk (shapeshifter) (Elf:2)
  5 basilisks
  33 yaks
  Grum (D:11)
  7 hippogriffs
  6 wraiths
  27 deep elf fighters
  9 wolves
  5 fire elementals (Elf:2)
  10 vampire mosquitoes
  2 hell hounds (Elf:2)
  A mottled dragon (Vaults:2)
  12 swamp worms (Spider:4)
  2 wargs (Vaults:1)
  20 soldier ants (Lair:4)
  25 water moccasins
  6 porcupines
  3 ice beasts
  14 ogres
  5 phantoms
  14 wasps
  An eye of draining (shapeshifter) (Vaults:3)
  A hornet simulacrum (D:15)
  21 spiders
  A boggart (D:15)
  2 necrophages
  26 centaurs
  6 sky beasts
  12 crocodiles
  47 orc warriors
  3 big kobolds
  5 brain worms (Lair:8)
  Blork the orc (D:4)
  A wyvern zombie (D:12)
  31 giant frogs
  2 scorpions
  5 jellies
  2 electric eels
  33 killer bees
  14 wights
  11 crimson imps
  3 centaur zombies
  7 hounds
  3 centaur skeletons
  15 orc priests
  7 giant frog skeletons
  4 iguanas
  38 worker ants
  34 orc wizards
  19 sheep
  2 hound skeletons (D:7)
  2 hound zombies
  5 worker ant zombies
  14 adders
  13 gnolls
  A shadow imp (D:11)
  132 river rats
  An ooze (D:2)
  19 worms
  9 giant geckos
  241 orcs
  10 bats
  6 goblins
  8 hobgoblins
  12 jackals
  16 kobolds
  6 quokkas
  8 ball pythons
  A ball python skeleton (D:4)
  5 giant cockroaches
  16 giant newts
  2 jackal skeletons
  6 rats
  A butterfly (Lair:6)
  A fungus (Lair:7)
  5 plants
1666 creatures vanquished.

Vanquished Creatures (collateral kills)
  Rupert (Lair:7)
  The ghost of dscm the Blocker, an adept OpFi of Cheibriados (Elf:1)
  A vault warden (Vaults:2)
  2 emperor scorpions (Spider:2)
  A very ugly thing (Vaults:4)
  An ironheart preserver (Vaults:4)
  A stone giant (Vaults:2)
  2 deep elf annihilators
  A deep elf death mage (Vaults:3)
  5 vault guards
  A fire dragon (D:15)
  Josephine (Spider:1)
  An ogre mage (Vaults:3)
  An entropy weaver (Spider:1)
  3 yaktaur captains
  The ghost of dscm the Blocker, a journeyman HOFi of Okawaru (D:10)
  2 centaur warriors
  A hydra (Lair:5)
  A deep elf knight (Elf:2)
  A deep troll (Vaults:4)
  A deep elf summoner (Vaults:2)
  3 hill giants
  Pikel (D:9)
  2 ironbrand convokers
  3 orb spiders
  3 deep elf conjurers
  2 ugly things
  A hornet (Lair:8)
  5 elephants
  A griffon (Vaults:1)
  6 wolf spiders
  2 vault sentinels (Vaults:4)
  2 cyclopes
  Joseph (D:9)
  A centaur zombie (D:15)
  2 black mambas (Lair:8)
  2 spiny frogs (Lair:8)
  The ghost of Goblin1989 the Insei, a novice SpTm of Cheibriados (D:6)
  A gargoyle (D:14)
  A torpor snail (Lair:8)
  A centaur skeleton (D:15)
  A komodo dragon (Lair:8)
  A kobold demonologist (D:11)
  5 yaktaurs
  A troll (D:10)
  3 jumping spiders
  3 blink frogs
  A two-headed ogre (Vaults:3)
  A slime creature (Vaults:2)
  2 flying skulls (Vaults:2)
  The ghost of Goblin1989 the Sneak, an amateur KoEE (D:5)
  4 redbacks
  A trapdoor spider (Spider:1)
  7 yaks
  4 deep elf fighters
  2 deep elf magi
  2 tarantellas
  A wyvern (Lair:8)
  2 basilisks
  Eustachio (D:6)
  2 hippogriffs
  2 hungry ghosts
  A swamp worm (Spider:4)
  3 orc warriors
  An ice beast (D:8)
  3 ogres (Vaults:3)
  3 spiders
  A water moccasin (Lair:8)
  3 centaurs
  2 giant frogs
  4 killer bees (Spider:3)
  2 crimson imps
  3 orc priests
  A hound (D:8)
  2 orc wizards
  2 worker ants (Lair:4)
  A sheep (D:15)
  An adder (Lair:8)
  4 river rats (Lair:3)
  3 worms (Lair:8)
  13 orcs
  A ball python (D:5)
  A kobold (D:14)
  A quokka (D:10)
  2 plants (Spider:4)
176 creatures vanquished.

Vanquished Creatures (others)
  A tengu reaver (Vaults:4)
  A deep elf knight (Elf:2)
  A redback (Spider:4)
  A deep elf mage (Elf:3)
  2 deep elf fighters
  A slave (D:9)
  An orc warrior (Vaults:1)
  A hound (D:9)
  An adder (D:9)
  An orc (D:9)
  22 fungi
  13 plants
46 creatures vanquished.

Grand Total: 1888 creatures vanquished

Notes
Turn   | Place    | Note
--------------------------------------------------------------
     0 | D:1      | Goblin1989 the Demonspawn Artificer began the quest for the Orb.
     0 | D:1      | Reached XP level 1. HP: 15/15 MP: 3/3
   330 | D:1      | Gained mutation: You are partially covered in molten scales (AC +1). [demonic ancestry]
   330 | D:1      | Reached XP level 2. HP: 16/22 MP: 4/4
  1093 | D:2      | Reached XP level 3. HP: 25/29 MP: 5/5
  1829 | D:2      | Reached skill level 4 in Fighting
  1829 | D:2      | Gained mutation: You have sharp fingernails. [demonic ancestry]
  1829 | D:2      | Reached XP level 4. HP: 32/37 MP: 6/6
  1938 | D:2      | Reached skill level 1 in Unarmed Combat
  2211 | D:3      | Found a bloodstained altar of Trog.
  2212 | D:3      | Found a burning altar of Makhleb.
  2212 | D:3      | Found a sacrificial altar of Ru.
  2212 | D:3      | Found a deep blue altar of Sif Muna.
  2218 | D:3      | Found a glowing golden altar of the Shining One.
  2218 | D:3      | Found a white marble altar of Elyvilon.
  2893 | D:4      | Found Dtau's Desiderata Depot.
  3015 | D:4      | Noticed an ogre
  3277 | D:4      | Noticed Blork the orc
  3286 | D:5      | Entered Level 5 of the Dungeon
  3412 | D:5      | Found Ylozuj's Armour Shop.
  3420 | D:5      | Reached XP level 5. HP: 40/42 MP: 7/7
  3608 | D:5      | Found Gonef's Assorted Antiques.
  3644 | D:5      | Found Imabib's Weapon Emporium.
  3644 | D:5      | Noticed a centaur
  3702 | D:4      | Killed Blork the orc
  3881 | D:4      | Gained mutation: A weak demonic guardian rushes to your aid. [demonic ancestry]
  3881 | D:4      | Reached XP level 6. HP: 33/48 MP: 8/8
  3931 | D:4      | Got a smoking mace
  3932 | D:4      | Identified the cursed +3 mace "Xubbie Pohee" {flame, +Rage +Inv Str-5 Int+3} (You found it on level 4 of the Dungeon)
  3995 | D:4      | Killed an ogre
  4017 | D:4      | Reached skill level 5 in Unarmed Combat
  4349 | D:5      | Noticed a centaur
  4413 | D:5      | Noticed Goblin1989's ghost (amateur KoEE)
  4801 | D:5      | Killed Goblin1989's ghost
  4801 | D:5      | Reached skill level 1 in Armour
  4801 | D:5      | Reached skill level 1 in Shields
  4801 | D:5      | Gained mutation: A demonic guardian rushes to your aid. [demonic ancestry]
  4801 | D:5      | Reached XP level 7. HP: 50/54 MP: 9/9
  4914 | D:5      | Noticed a centaur
  4919 | D:5      | Killed a centaur
  4928 | D:5      | Killed a centaur
  4973 | D:5      | Found Xyeloo's Antique Armour Boutique.
  5087 | D:5      | Killed a centaur
  5353 | D:5      | Noticed an ice beast
  5371 | D:5      | Killed an ice beast
  5371 | D:5      | Reached skill level 6 in Unarmed Combat
  5572 | D:6      | Reached XP level 8. HP: 61/61 MP: 10/10
  5579 | D:6      | Gained mutation: Your muscles are strong. (Str +2) [mutagenic meat]
  5580 | D:6      | Gained mutation: You have a pair of small antennae on your head. [mutagenic meat]
  5581 | D:6      | Gained mutation: You have an increased reservoir of magic (+10% MP). [mutagenic meat]
  5582 | D:6      | Gained mutation: You have large cloven feet. [mutagenic meat]
  5888 | D:6      | Found a glowing drain.
  5944 | Sewer    | Entered a sewer
  6152 | Sewer    | Reached skill level 5 in Fighting
  6346 | D:6      | Noticed Goblin1989's ghost (novice SpTm)
  6364 | D:6      | Killed Goblin1989's ghost
  6539 | D:6      | Found a blossoming altar of Fedhas.
  7104 | D:6      | Reached skill level 7 in Unarmed Combat
  7258 | D:7      | Found a staircase to the Ecumenical Temple.
  7265 | Temple   | Entered the Ecumenical Temple
  7278 | Temple   | Became a worshipper of Gozag Ym Sagoz the Greedy
  7817 | D:8      | Reached XP level 9. HP: 65/69 MP: 1/12
  8041 | D:8      | Noticed an eight-headed hydra
  8058 | D:8      | Found a staircase to the Lair.
  8158 | D:5      | Bought a +0 plate armour of poison resistance for 351 gold pieces
  8543 | D:6      | Noticed Eustachio
  8556 | D:6      | Killed Eustachio
  8670 | D:8      | Reached skill level 8 in Unarmed Combat
  8810 | D:8      | Killed an eight-headed hydra
  8828 | D:8      | Reached skill level 5 in Armour
  8983 | D:8      | Gained mutation: You have very sharp fingernails. [demonic ancestry]
  8983 | D:8      | Reached XP level 10. HP: 59/77 MP: 13/13
  9004 | D:8      | Reached skill level 9 in Unarmed Combat
  9272 | D:8      | Reached skill level 5 in Shields
  9872 | D:8      | Learned a level 1 spell: Summon Butterflies
 10230 | D:9      | Found a staircase to the Orcish Mines.
 10270 | D:9      | Found a stormy altar of Qazlal.
 10440 | D:5      | Bought a +2 pair of boots of running for 539 gold pieces
 10759 | D:9      | Noticed a hill giant
 10768 | D:9      | Killed a hill giant
 10835 | D:9      | Noticed Pikel
 10854 | D:9      | Killed Pikel
 10964 | D:9      | Noticed Joseph
 10978 | D:9      | Killed Joseph
 10988 | D:9      | Got an ancient quick blade
 10990 | D:9      | Identified the +6 quick blade of Ru's Fury {elec, *Corrode rC+ Str+3 Dex+4} (You found it on level 9 of the Dungeon)
 11041 | D:9      | Killed an unseen horror
 11041 | D:9      | Reached skill level 10 in Unarmed Combat
 11452 | D:10     | Entered Level 10 of the Dungeon
 11454 | D:10     | Got a spiked leather armour
 11465 | D:10     | Identified the +1 leather armour of Valiance {MP+9 Str+3 Dex+2} (You found it on level 10 of the Dungeon)
 11614 | D:10     | Noticed a hill giant
 11619 | D:10     | Killed a hill giant
 11832 | D:10     | Reached XP level 11. HP: 75/86 MP: 12/14
 11836 | D:10     | Noticed dscm's ghost (journeyman HOFi)
 11855 | D:10     | Killed dscm's ghost
 11876 | D:10     | Noticed a centaur warrior
 11931 | D:10     | Killed a centaur warrior
 12027 | D:10     | Noticed a hill giant
 12048 | D:10     | Killed a hill giant
 12204 | D:10     | Noticed a green ugly thing
 12210 | D:10     | Killed a green ugly thing
 12590 | D:11     | Noticed Grum
 12599 | D:11     | Killed Grum
 12886 | D:11     | Reached skill level 11 in Unarmed Combat
 14029 | D:5      | Bought a scroll labeled TAYTUGAMPU for 24 gold pieces
 14029 | D:5      | Bought a scroll labeled QAOSUY ZERESI for 24 gold pieces
 14029 | D:5      | Bought a scroll labeled KOSSEN ZYSOA for 24 gold pieces
 14029 | D:5      | Bought a scroll of identify for 48 gold pieces
 14029 | D:5      | Bought a scroll of teleportation for 72 gold pieces
 14029 | D:5      | Bought a scroll of remove curse for 72 gold pieces
 14062 | D:5      | Bought a runed shield for 130 gold pieces
 14094 | D:4      | Bought a wand of disintegration (10) for 196 gold pieces
 14193 | Lair:1   | Entered Level 1 of the Lair of Beasts
 15400 | Lair:2   | Gained mutation: You sometimes gain a little power by taking damage. [demonic ancestry]
 15400 | Lair:2   | Reached XP level 12. HP: 95/95 MP: 15/15
 15505 | Lair:2   | Noticed Harold
 15544 | Lair:2   | Killed Harold
 16906 | Lair:3   | Reached skill level 12 in Unarmed Combat
 17212 | Lair:3   | Identified Zon Hero's Tome of Conjuration and Air
 18691 | Lair:4   | Reached skill level 10 in Fighting
 18972 | Lair:4   | Found a staircase to the Shoals.
 19806 | Lair:4   | Reached XP level 13. HP: 78/104 MP: 13/16
 19879 | Lair:4   | Reached skill level 13 in Unarmed Combat
 21375 | Lair:5   | Bought a beef jerky for 16 gold pieces
 21375 | Lair:5   | Bought a bread ration for 55 gold pieces
 21375 | Lair:5   | Bought a bread ration for 55 gold pieces
 21375 | Lair:5   | Bought a bread ration for 55 gold pieces
 21375 | Lair:5   | Bought a meat ration for 55 gold pieces
 21375 | Lair:5   | Bought a meat ration for 55 gold pieces
 21375 | Lair:5   | Bought a beef jerky for 16 gold pieces
 22268 | Lair:6   | Found a hole to the Spider Nest.
 23656 | Lair:7   | Learned a level 5 spell: Phase Shift
 23701 | Lair:7   | Noticed Rupert
 23735 | Lair:7   | Killed Rupert
 24305 | Lair:7   | Reached skill level 14 in Unarmed Combat
 25044 | Lair:8   | Entered Level 8 of the Lair of Beasts
 25115 | Lair:8   | Gained mutation: You have claws for hands. [demonic ancestry]
 25115 | Lair:8   | Reached XP level 14. HP: 113/113 MP: 17/17
 25203 | Lair:8   | Reached skill level 10 in Shields
 25293 | Lair:8   | Reached skill level 10 in Armour
 26561 | D:4      | Bought a manual of Dodging for 1545 gold pieces
 26561 | D:4      | Bought a legendary deck of defence for 364 gold pieces
 26561 | D:4      | Bought a +5 ring of dexterity for 576 gold pieces
 26662 | Orc:1    | Entered Level 1 of the Orcish Mines
 27274 | Orc:1    | Found a roughly hewn altar of Beogh.
 27305 | Orc:1    | Found a roughly hewn altar of Beogh.
 27599 | Orc:2    | Found Muloqi's Assorted Antiques.
 27623 | Orc:2    | Bought a papyrus manual for 330 gold pieces
 27623 | Orc:2    | Bought a scroll of teleportation for 66 gold pieces
 27623 | Orc:2    | Bought a potion of resistance for 220 gold pieces
 27623 | Orc:2    | Bought a red potion for 19 gold pieces
 27623 | Orc:2    | Bought a scroll of blinking for 165 gold pieces
 28489 | Orc:4    | Entered Level 4 of the Orcish Mines
 28724 | Orc:4    | Noticed Goblin1989's ghost (adept HOWn)
 29464 | Orc:4    | Killed Goblin1989's ghost
 29777 | Orc:4    | Found a staircase to the Elven Halls.
 29837 | Orc:4    | Noticed Goblin1989's ghost (journeyman MfFi)
 29859 | Orc:4    | Killed Goblin1989's ghost
 30714 | Orc:4    | Found Moalleug's Jewellery Emporium.
 30714 | Orc:4    | Found Luokk's Antique Armour Shop.
 30716 | Orc:4    | Found Bumov's Jewellery Boutique.
 30718 | Orc:4    | Found Ovinus's Book Shoppe.
 31073 | D:12     | Bought the +1 ratskin cloak {rPois rN+ Int-1 Dex-1} for 641 gold pieces
 31073 | D:12     | Bought a pair of pitted boots for 294 gold pieces
 31093 | D:12     | Identified the +0 pair of boots of Gunuch {MP+9} (You bought it in a shop on level 12 of the Dungeon)
 31152 | D:12     | Learned a level 2 spell: Sublimation of Blood
 31682 | D:12     | Reached skill level 15 in Unarmed Combat
 32426 | D:13     | Reached skill level 5 in Dodging
 33303 | D:14     | Gained mutation: You sometimes gain power by taking damage. [demonic ancestry]
 33303 | D:14     | Reached XP level 15. HP: 120/120 MP: 18/18
 33344 | D:14     | Got a slimy hand axe
 33345 | D:14     | Identified the +9 hand axe of the Puffball {chop, rPois Str-2 Stlth+} (You found it on level 14 of the Dungeon)
 33456 | D:14     | Found Epimmo's Distillery.
 33459 | D:14     | Bought 2 potions of resistance for 320 gold pieces
 33459 | D:14     | Bought a potion of might for 64 gold pieces
 33459 | D:14     | Bought a potion of might for 64 gold pieces
 33621 | D:14     | Found a shadowy altar of Dithmenos.
 33986 | D:14     | Found a gate to the Vaults.
 34227 | D:15     | Entered Level 15 of the Dungeon
 34567 | D:15     | Found a staircase to the Depths.
 34635 | D:15     | Got an ichor-stained rapier
 34899 | D:14     | Identified the +9 rapier "Duwenwywn" {elec, MR- Str+2 Int+3 Dex+7} (You found it on level 15 of the Dungeon)
 36975 | Lair:8   | Found a viscous altar of Jiyva.
 36975 | Lair:8   | Found a staircase to the Slime Pits.
 37554 | Lair:8   | Found a runed door.
 37628 | Lair:8   | Reached skill level 16 in Unarmed Combat
 37981 | Lair:6   | Bought a scroll of identify for 30 gold pieces
 37981 | Lair:6   | Bought a scroll of teleportation for 45 gold pieces
 37981 | Lair:6   | Bought a scroll of identify for 30 gold pieces
 37981 | Lair:6   | Bought a scroll of teleportation for 45 gold pieces
 37981 | Lair:6   | Bought a scroll of immolation for 52 gold pieces
 37988 | Lair:6   | Bought a scroll of blinking for 225 gold pieces
 37988 | Lair:6   | Bought a crude scale mail for 270 gold pieces
 38001 | Lair:6   | Identified the cursed +1 scale mail of Vexation {Dex+4 SInv} (You bought it in a shop on level 6 of the Lair of Beasts)
 38021 | Spider:1 | Entered Level 1 of the Spider Nest
 38052 | Spider:1 | Noticed Josephine
 38063 | Spider:1 | Killed Josephine
 38614 | Spider:1 | Gained mutation: You are mostly covered in molten scales (AC +3, EV -1). [demonic ancestry]
 38614 | Spider:1 | Reached XP level 16. HP: 129/129 MP: 20/20
 39084 | Spider:2 | Bought a +1 hat for 198 gold pieces
 41074 | Spider:2 | Bought the cursed +0 plate armour "Wariw" {rN+ MR+} for 662 gold pieces
 41492 | Spider:4 | Entered Level 4 of the Spider Nest
 44476 | Orc:4    | Bought a ring of see invisible for 225 gold pieces
 45698 | Spider:4 | Reached skill level 17 in Unarmed Combat
 45723 | Spider:4 | Reached skill level 10 in Dodging
 45860 | Spider:4 | Got a gossamer rune of Zot
 46560 | Vaults:1 | Entered Level 1 of the Vaults
 46731 | Vaults:1 | Reached XP level 17. HP: 90/137 MP: 21/21
 47597 | Vaults:1 | Noticed Iwannabefree's ghost (veteran HuGl)
 47630 | Vaults:1 | Killed Iwannabefree's ghost
 48363 | Vaults:1 | Noticed Donald
 48386 | Vaults:1 | Killed Donald
 49068 | Vaults:1 | Got a heavily jewelled robe
 49811 | Vaults:2 | Found Siwn's Gadget Shoppe.
 49992 | Vaults:2 | Found a staircase to the Crypt.
 51174 | Vaults:2 | Reached skill level 18 in Unarmed Combat
 52027 | Vaults:2 | Reached XP level 18. HP: 132/146 MP: 22/22
 52907 | D:4      | Bought a manual of Dodging for 1545 gold pieces
 53294 | Vaults:3 | Found Ufrezid's Jewellery Boutique.
 53297 | Vaults:3 | Bought a ring of protection from fire for 525 gold pieces
 53368 | Vaults:3 | Got a translucent rapier
 53369 | Vaults:3 | Identified the cursed +1 rapier "Ibijulum" {flame, *Corrode rPois rF+ Str+4} (You found it on level 3 of the Vaults)
 57995 | Vaults:4 | Gained mutation: You are powered by pain. [demonic ancestry]
 57995 | Vaults:4 | Reached XP level 19. HP: 154/154 MP: 23/23
 58013 | Vaults:4 | Reached skill level 15 in Fighting
 58570 | Elf:1    | Entered Level 1 of the Elven Halls
 59126 | Elf:1    | Reached skill level 19 in Unarmed Combat
 59140 | Elf:1    | Noticed dscm's ghost (adept OpFi)
 59909 | Elf:1    | Found a deep blue altar of Sif Muna.
 60076 | Elf:1    | Killed dscm's ghost
 60307 | Elf:1    | Identified the Reference Book on Igneous Combat Magic (You found it on level 1 of the Elven Halls)
 60506 | Elf:2    | Noticed Roxanne
 60522 | Elf:2    | Killed Roxanne
 60896 | Elf:2    | Identified Roxanne's Disquisition on Shifting Clay (You took it off Roxanne on level 2 of the Elven Halls)
 61028 | Elf:2    | Found a runed gate.
 61030 | Elf:2    | Found a runed gate.
 61033 | Elf:2    | Found a runed gate.
 61078 | Elf:2    | Found Zoafeuz's Distillery.
 61112 | Elf:2    | Noticed Azrael
 61144 | Elf:2    | Killed Azrael
 61605 | Elf:3    | Entered Level 3 of the Elven Halls
 62080 | Elf:3    | Noticed Wiglaf
 62137 | Elf:3    | Killed Wiglaf
 62427 | Elf:3    | Noticed Mara
 62566 | Elf:3    | Sapher: просто играл за SpBe вот и без гозага
 62566 | Elf:3    | Goblin1989: ну я подумал что приелось )))
 63489 | Elf:3    | Sapher: gg
 63493 | Elf:3    | Goblin1989: хрен вам
 63497 | Elf:3    | Killed from afar by a deep elf annihilator

Action                   |  1- 3 |  4- 6 |  7- 9 | 10-12 | 13-15 | 16-18 | 19-21 || total
-------------------------+-------+-------+-------+-------+-------+-------+-------++-------
Melee: Short sword       |   133 |       |       |       |       |       |       ||   133
       Whip              |     5 |   164 |   471 |   237 |       |       |       ||   877
       Unarmed           |       |       |       |  1148 |  2475 |  2067 |   642 ||  6332
       Rapier            |       |       |       |       |    23 |       |       ||    23
Invok: Call Merchant     |       |       |       |       |     4 |     1 |     1 ||     6
       Potion Petition   |       |       |       |       |     1 |     1 |     1 ||     3
Evoke: Wand              |     8 |    20 |     7 |    27 |     5 |     4 |    21 ||    92
  Use: Potion            |       |     1 |     2 |     1 |     2 |     7 |     7 ||    20
       Scroll            |       |     1 |     7 |    10 |    18 |     8 |     6 ||    50
 Stab: Sleeping          |     1 |     2 |       |       |       |       |       ||     3
       Paralysed         |       |     4 |       |       |       |       |       ||     4
       Confused          |       |       |       |     4 |       |       |       ||     4
       Distracted        |       |       |       |     5 |    39 |    28 |     2 ||    74
       Held in net/web   |       |       |       |       |       |     1 |       ||     1
  Eat: Chunk             |     3 |     9 |    11 |       |       |       |       ||    23
       Fruit             |       |       |     4 |       |    44 |     5 |       ||    53
       Royal jelly       |       |       |     2 |     1 |     6 |    12 |       ||    21
       Beef jerky        |       |       |     2 |     4 |     1 |     6 |       ||    13
       Pizza             |       |       |       |     4 |     2 |     5 |       ||    11
       Bread ration      |       |       |       |     6 |       |     3 |     4 ||    13
       Meat ration       |       |       |       |       |     1 |     1 |       ||     2

Vault maps used:
D:1:      scummos_arrival_forest, grunt_decor_arrowhead
D:2:      kennysheep_generic_room_5
D:3:      minmay_overflow_temple_hex, eino_tiny_chamber
D:4:      nicolae_alphabet_shops, uniq_blork_the_orc
D:5:      first_bread, serial_shops, shop_fountains, nicolae_shop_crystal,
          nicolae_shop_temple_entry_statues_fountains,
          nicolae_shop_competitors_out_of_business
D:6:      fedhas_altar_fruit_tree, gup_sewer_entry_spiral, uniq_eustachio
D:7:      minmay_temple_entry_nine_rooms
D:8:      lair_0_dummy
D:9:      nicolae_qazlal_style_of_elements, hiddenorc1_lemuel,
          minmay_sticks_and_stones, uniq_pikel
D:10:     minmay_ornate_pinched
D:11:     uniq_grum
D:14:     grunt_vaults_entry_fortified, grunt_dithmenos_shadows, serial_shops,
          kennysheep_mini, david_nohive_1
D:15:     grunt_enter_depths_hoard, special_room
Temple:   triangle_lava_temple_11
Lair:1:   guppyfry_lair_drakes
Lair:2:   st_stairs_5, uniq_harold
Lair:3:   grunt_forest_stairs_basic
Lair:4:   elwin_shoals_entry_stream, minivault_29, serial_bayou_shore_b
Lair:5:   lemuel_fruit_tree
Lair:6:   dummy_spider_entry, grunt_forest_large_clearings,
          serial_bayou_shore_b, lemuel_fruit_fields
Lair:7:   uniq_rupert
Lair:8:   hangedman_lair_tendril_chambers, wormcave, slime_altar_1
Spider:1: uniq_josephine
Spider:3: special_room, spiders_nest_wasp_nest
Spider:4: spider_rune_water, spider_trap, worms_lemuel
Orc:1:    nicolae_orc_accident_2, basic_altar
Orc:2:    serial_shops, shop
Orc:3:    nicolae_orc_pool_cavern
Orc:4:    st_orc_rangers
Elf:1:    minmay_elf_annihilation, tgw_sif
Elf:2:    serial_shops, shop, uniq_azrael, uniq_roxanne
Elf:3:    minmay_elf_hall_four_x, wad_floor_pattern_untrapped, st_stairs_13,
          uniq_mara, uniq_wiglaf, uniq_jorgrun
Vaults:1: nicolae_vaults_ninety_degrees, nicolae_vaults_circle_grid_b,
          nicolae_vaults_little_squares_3, nicolae_vaults_alarming,
          ontoclasm_vaults_misaligned, v_misc_32, nicolae_vaults_what_the_h,
          v_misc_18, vaults_room_pools, uniq_donald
Vaults:2: st_quartered_hall, minmay_crypt_entry_simple_plaza,
          vaults_standard_mumra_lines, nicolae_vaults_asterisk,
          hangedman_vaults_slice, ontoclasm_vaults_twist, vaults_dpeg_spiral,
          v_misc_26, serial_shops, nicolae_shop_statue_plus
Vaults:3: ontoclasm_vaults_claustrophobia, ontoclasm_vaults_shuriken,
          hangedman_vaults_locks, hangedman_vaults_hat, ontoclasm_vaults_chip,
          ontoclasm_vaults_shout, ontoclasm_vaults_eye,
          nicolae_vaults_yaktaur_gun_rack, vaults_room_corners, serial_shops,
          nicolae_shop_statue_plus
Vaults:4: ontoclasm_vaults_tryst, ontoclasm_vaults_decontamination,
          nicolae_vaults_theta, kb_rosetta, v_misc_18, ontoclasm_vaults_chip,
          hangedman_vaults_stagger, nicolae_vaults_big_angled_halls,
          nicolae_vaults_shelves_hall, hangedman_vaults_restitches,
          vaults_room_hallway, serial_ice_g
Sewer:    sewer_frog_island_01
